 Dungeon Crawl Stone Soup version 0.29.0-7-g18a832c13a (webtiles) character file.

Game seed: 4694377321245173009

842 apoch the Chopper (level 7, -7/62 HPs)
             Began as a Minotaur Berserker on Aug 31, 2022.
             Was a Priest of Trog.
             Mangled by an ogre
             ... wielding a +0 giant spiked club
              (16 damage)
             ... on level 5 of the Dungeon.
             The game lasted 00:10:39 (5079 turns).

apoch the Chopper (Minotaur Berserker)              Turns: 5079, Time: 00:10:39

Health: -7/62      AC: 14    Str: 23    XL:     7   Next: 67%
Magic:  6/6        EV:  8    Int:  4    God:    Trog [***...]
Gold:   260        SH:  0    Dex: 10    Spells: 6/6 levels left

rFire   . . .      SeeInvis .   a - +0 hand axe
rCold   . . .      Faith    .   (no shield)
rNeg    . . .      Spirit   .   y - +0 plate armour
rPois   .          Reflect  .   (helmet restricted)
rElec   .          Harm     .   h - +0 cloak
rCorr   .          Rampage  .   l - +0 pair of gloves
Will    +....                   (no boots)
Stlth   ..........              o - amulet of the acrobat
HPRegen 0.20/turn               n - ring of willpower
MPRegen 0.10/turn               (no ring)

@: no status effects
A: horns 2, retaliatory headbutt
a: Renounce Religion, Berserk, Trog's Hand


You were on level 5 of the Dungeon.
You worshipped Trog.
Trog was most pleased with you.
You visited 1 branch of the dungeon, and saw 5 of its levels.

You collected 358 gold pieces.
You spent 98 gold pieces at shops.

Inventory:

Hand Weapons
 a - a +0 hand axe (weapon)
 F - a +0 flail
Missiles
 d - 44 stones (quivered)
 e - 9 boomerangs
 C - 8 poisoned darts
Armour
 b - a +0 animal skin
 h - a +0 cloak (worn)
 k - a +0 leather armour
 l - a +0 pair of gloves (worn)
 q - a +0 ring mail
 y - a +0 plate armour (worn)
Jewellery
 n - a ring of willpower (left hand)
 o - an amulet of the acrobat (around neck)
 v - a ring of protection from cold
Scrolls
 c - 3 scrolls of blinking
 f - 5 scrolls of teleportation
 i - 3 scrolls of immolation
 t - 3 scrolls of poison {unknown}
 u - a scroll of fear {unknown}
 w - a scroll of magic mapping {unknown}
 x - 3 scrolls of amnesia {unknown}
 z - a scroll of enchant weapon {unknown}
 A - a scroll of noise {unknown}
Potions
 g - a potion of ambrosia {unknown}
 j - 2 potions of attraction
 m - a potion of might
 p - 3 potions of curing
 r - a potion of mutation
 s - 2 potions of magic
 B - 2 potions of degeneration
 D - a potion of brilliance
 E - 2 potions of berserk rage


   Skills:
 + Level 5.9 Fighting
 * Level 6.7 Axes
 + Level 2.3 Throwing
 + Level 5.2 Armour
 + Level 4.7 Dodging


You had 6 spell levels left.
You didn't know any spells.
Your spell library contained the following spells:

 Spells                   Type           Power      Damage    Failure   Level
 Freeze                   Ice            0%         1d3       100%        1
 Frozen Ramparts          Ice            0%         1d1       100%        3
 Gell's Gravitas          Tloc           0%         N/A       100%        3
 Lesser Beckoning         Tloc           0%         N/A       100%        3
 Teleport Other           Tloc           0%         N/A       100%        3
 Hailstorm                Conj/Ice       0%         3d3       100%        4


Dungeon Overview and Level Annotations

Branches:
Dungeon (5/15)             Temple (0/1) D:4

Altars:
Cheibriados
Makhleb
Vehumet
The Shining One

Shops:
D:2 :   D:3 *


Innate Abilities, Weirdness & Mutations

You have a pair of horns on your head.
You reflexively headbutt those who attack you in melee.


Message History

Things that are here:
a +0 dagger; a +0 leather armour The orc closely misses you.
You closely miss the orc. You headbutt the orc.
The orc is moderately wounded.
The orc barely misses you.
You hit the orc. Your headbutt misses the orc.
The orc is heavily wounded.
The orc hits you but does no damage.
You slash the orc!
You kill the orc!
Trog accepts your kill.
You hit the ogre. The ogre closely misses you.
You closely miss the quokka. You hit the ogre.
The quokka bites you but does no damage.
The ogre hits you with a +0 giant spiked club!
You slash the quokka!
You kill the quokka!
Trog accepts your kill.
You barely miss the ogre. You hit the ogre but do no damage.
The ogre is lightly wounded.
You hit the orc.
The ogre hits you with a +0 giant spiked club!!
The orc barely misses you.
You hit the ogre.
The ogre is lightly wounded.
You barely miss the orc. The orc hits you with a +0 club.
You hit the ogre. Your headbutt misses the ogre.
The ogre is moderately wounded.
You hit the orc.
The ogre hits you with a +0 giant spiked club!!
* * * LOW HITPOINT WARNING * * *
The orc barely misses you. You furiously retaliate!
You headbutt the orc!
You kill the orc!
Trog accepts your kill.
You hit the ogre.
The ogre is moderately wounded.
The ogre hits you with a +0 giant spiked club!
You die...

#.##.....#..#
#.###...<...#
####.##........##
#...)...........#
#.............#.#
#..#####.....##.#
#..#??(#......#.# #
#..#$[[#......#)#.##
#..#$[|#......#@O..#
#..#####.....###)......
#...........## .......
#.........### .....##
###....... .....#
.....# .....# .....#


You could see an ogre.

Vanquished Creatures
  Sigmund (D:5)
  An ogre (D:5)
  A necrophage (D:5)
  Blork the orc (D:5)
  A gnoll sergeant (D:4)
  A crimson imp (D:4)
  A jelly (D:4)
  A hound (D:5)
  An iguana (D:4)
  Natasha (thrice) (D:2)
  8 gnolls
  6 adders
  An ufetubus (D:4)
  A worm (D:3)
  4 dart slugs
  4 orcs
  5 ball pythons
  11 endoplasms
  2 giant cockroaches
  9 goblins
  3 hobgoblins
  3 jackals (D:1)
  8 kobolds
  2 quokkas
  7 bats
  2 frilled lizards
  4 rats
92 creatures vanquished.

Vanquished Creatures (others)
  9 fungi (D:4)
  2 toadstools (D:4)
11 creatures vanquished.

Grand Total: 103 creatures vanquished

Notes
Turn   | Place    | Note
-------+----------+-------------------------------------------
     0 | D:1      | apoch the Minotaur Berserker began the quest for the Orb.
     0 | D:1      | Reached XP level 1. HP: 19/19 MP: 0/0
   433 | D:1      | Reached XP level 2. HP: 25/27 MP: 1/1
   785 | D:1      | Reached skill level 4 in Axes
   785 | D:1      | Reached XP level 3. HP: 27/33 MP: 2/2
  1360 | D:2      | Noticed Natasha
  1371 | D:2      | Killed Natasha
  1371 | D:2      | Reached ** piety under Trog
  1372 | D:2      | Reached XP level 4. HP: 29/41 MP: 3/3
  1477 | D:2      | Noticed Natasha
  1487 | D:2      | Killed Natasha
  1515 | D:2      | Noticed Natasha
  1519 | D:2      | Killed Natasha
  1629 | D:2      | Reached XP level 5. HP: 47/47 MP: 4/4
  1762 | D:2      | Found Suxkeito's Book Boutique.
  1943 | D:2      | Found a faded altar of an unknown god.
  2308 | D:3      | Found a glowing golden altar of the Shining One.
  2460 | D:3      | Found Gusemegrei's Assorted Antiques.
  2468 | D:3      | Bought a scroll labelled MAYHUL YRHOZ for 26 gold pieces
  2468 | D:3      | Bought a golden potion for 23 gold pieces
  2468 | D:3      | Bought a golden potion for 23 gold pieces
  2468 | D:3      | Bought a scroll labelled LUAMED ZENEFOM for 26 gold pieces
  2520 | D:3      | Found a snail-covered altar of Cheibriados.
  3103 | D:4      | Found a staircase to the Ecumenical Temple.
  3109 | D:4      | Reached *** piety under Trog
  3190 | D:4      | Reached skill level 5 in Fighting
  3428 | D:4      | Reached skill level 5 in Axes
  3450 | D:4      | Found a burning altar of Makhleb.
  3450 | D:4      | Found a radiant altar of Vehumet.
  3719 | D:5      | Entered Level 5 of the Dungeon
  3722 | D:5      | Noticed Blork the orc
  3736 | D:5      | Killed Blork the orc
  3737 | D:5      | Reached XP level 6. HP: 36/56 MP: 5/5
  3929 | D:5      | Reached skill level 1 in Throwing
  4133 | D:5      | Reached XP level 7. HP: 56/61 MP: 6/6
  4401 | D:4      | Reached skill level 6 in Axes
  4868 | D:4      | Reached skill level 5 in Armour
  5028 | D:5      | Noticed Sigmund
  5038 | D:5      | Killed Sigmund
  5079 | D:5      | Mangled by an ogre

Illustrated notes

Levels and vault maps discovered:
D:1:      psy_arrival_terrarium, layout_basic
D:2:      layout_basic, serial_shops, nicolae_shop_advertising_works
          [nicolae_subvault_shop_adworks], hellmonk_ecumenical_altar_run_dry,
          minmay_tiny_reverse_x, uniq_natasha
D:3:      layout_basic, lemuel_round_altar, cheibrodos_worm_habitat,
          serial_shops, nicolae_diamond_shop, kennysheep_decorative_pillar
D:4:      layout_rooms, grunt_temple_overflow_lords_of_destruction,
          minmay_temple_entry_tees, minmay_gold_behind_fungi
D:5:      layout_rooms, nzn_wu_jian_council_hall, due_unseen_surprise,
          uniq_sigmund, uniq_blork_the_orc

Skill      XL: |  1  2  3  4  5  6  7 |
---------------+----------------------+-----
Fighting       | 4 5 |  5.9
Axes           | 4 5 6 |  6.7
Armour         | 3 4 5 |  5.2
Dodging        | 3 4 |  4.7
Throwing       | 1 2 |  2.3

Action                   |  1- 3 |  4- 6 |  7- 9 || total
-------------------------+-------+-------+-------++-------
Melee: Hand axe          |    62 |   144 |    57 ||   263
       Headbutt          |    10 |    21 |    13 ||    44
       Punch             |       |     1 |     2 ||     3
Throw: Stone             |       |       |     4 ||     4
Invok: Berserk           |       |       |     1 ||     1
       Trog's Hand       |       |       |     1 ||     1
  Use: Scroll            |       |    11 |       ||    11
 Stab: Sleeping          |     1 |       |       ||     1
Armor: Animal skin       |     8 |       |       ||     8
       Leather armour    |     4 |       |       ||     4
       Ring mail         |       |    42 |       ||    42
       Plate armour      |       |       |    31 ||    31
Dodge: Dodged            |    42 |   103 |    50 ||   195
